 Seeded DCSS version 0.29-a0-82-g837932c90e (webtiles) character file.

Game seed: 10000000000011 (custom seed)

6339 knot the Cleaver (level 10, -2/105 HPs)
             Began as a Demonspawn Berserker on Feb 5, 2022.
             Was a Believer of Trog.
             Succumbed to a black mamba's poison
             ... on level 1 of the Lair of Beasts.
             The game lasted 00:10:59 (12692 turns).

knot the Cleaver (Demonspawn Berserker)            Turns: 12692, Time: 00:10:59

Health: -2/105     AC:  7    Str: 18    XL:     10   Next: 64%
Magic:  5/20       EV: 12    Int: 18    God:    Trog [**....]
Gold:   484        SH:  5    Dex: 12    Spells: 9/9 levels left

rFire   + . .      SeeInvis .   C - +2 hand axe
rCold   . . .      Faith    .   (no shield)
rNeg    . . .      Spirit   +   t - +2 robe {rF+}
rPois   .          Reflect  +   B - +3 hat of Pondering {ponderous, Will+ MP+10 Int+5}
rElec   .          Harm     .   (no cloak)
rCorr   .          Rampage  .   (gloves unavailable)
Will    +....                   (no boots)
Stlth   ..........              d - amulet of reflection
HPRegen 0.27/turn               (no ring)
MPRegen 0.34/turn               (no ring)

@: berserking, lethally poisoned (-2 -> -35), very quick
A: powered by death 1, magic shield, magic regeneration, demonic touch 3
a: Renounce Religion, Berserk, Trog's Hand


You were on level 1 of the Lair of Beasts.
You worshipped Trog.
Trog was pleased with you.
You visited 2 branches of the dungeon, and saw 10 of its levels.

You collected 484 gold pieces.

Inventory:

Hand Weapons
 l - a +3 scimitar of flaming
 A - a +0 battleaxe
 C - a +2 hand axe (weapon)
Missiles
 g - 216 stones
 p - 10 boomerangs (quivered)
 u - 22 sling bullets
 y - a throwing net
 D - 4 poisoned darts
 E - a curare-tipped dart
Armour
 t - a +2 robe of fire resistance (worn)
 v - a +2 robe of cold resistance
 B - the +3 hat of Pondering (worn) {ponderous, Will+ MP+10 Int+5}
   (You found it on level 8 of the Dungeon)

   Int:       It affects your intelligence (+5).
   MP:        It affects your magic capacity (+10).
   Will:      It increases your willpower.
 J - +0 acid dragon scales
Jewellery
 d - an amulet of reflection (around neck)
 x - a ring of willpower
Wands
 b - a wand of iceblast (16)
 n - a wand of polymorph (11)
 q - a wand of charming (5)
 r - a wand of flame (26)
 I - a wand of paralysis (2)
Scrolls
 c - a scroll of amnesia {unknown}
 k - 6 scrolls of identify {unknown}
 m - 3 scrolls of blinking {unknown}
 o - 2 scrolls of fog {unknown}
 s - 3 scrolls of teleportation {unknown}
 F - a scroll of magic mapping {unknown}
 G - a scroll of torment {unknown}
 H - a scroll of fear {unknown}
Potions
 a - a potion of berserk rage {unknown}
 e - 7 potions of curing {unknown}
 f - a potion of lignification {unknown}
 h - a potion of might {unknown}
 i - a potion of magic {unknown}
 j - a potion of heal wounds {unknown}
 w - 2 potions of resistance {unknown}
 z - 2 potions of attraction {unknown}


   Skills:
 - Level 3.0 Fighting
 * Level 13.3 Axes
 * Level 6.9 Throwing
 - Level 1.7 Armour
 - Level 1.7 Dodging


You had 9 spell levels left.
You didn't know any spells.
Your spell library contained the following spells:

 Spells                   Type           Power      Damage    Failure   Level
 Pain                     Necr           0%         1d4       22%         1
 Corpse Rot               Necr/Air       0%         N/A       32%         2
 Ensorcelled Hibernation  Hex/Ice        0%         N/A       32%         2
 Passwall                 Tmut/Erth      0%         N/A       32%         2
 Poisonous Vapours        Pois/Air       0%         N/A       32%         2
 Summon Guardian Golem    Hex/Summ       0%         N/A       54%         3
 Swiftness                Air            0%         N/A       54%         3
 Tukima's Dance           Hex            0%         N/A       54%         3
 Anguish                  Hex/Necr       0%         N/A       91%         4
 Agony                    Necr           0%         N/A       99%         5
 Excruciating Wounds      Necr           0%         N/A       99%         5
 Enfeeble                 Hex            0%         N/A       100%        7
 Orb of Destruction       Conj           0%         9d5       100%        7
 Spellforged Servitor     Conj/Summ      0%         N/A       100%        7


Dungeon Overview and Level Annotations

Branches:
Dungeon (9/15)             Temple (0/1) D:4            Lair (1/6) D:9
    Orc: D:9-12

Altars:
Okawaru
Ru
Uskayaw

Shops:
D:3 [   D:8 :

Annotations:
D:8 2 runed translucent doors, Foxy's ghost, novice TrMo


Innate Abilities, Weirdness & Mutations

You regenerate a little health from kills.
When hurt, damage is shared between your health and your magic reserves.
You regenerate magic rapidly.
Your touch may irresistibly damage your foes and sap their willpower.


Message History

The black mamba poisons you!
A red film seems to cover your vision as you go berserk!
You feel yourself moving faster!
You feel mighty!
You feel very sick.
The black mamba bites you but does no damage.
You block the black mamba's attack.
You hit the black mamba.
The black mamba is lightly wounded.
You feel sick. The black mamba bites you!
You closely miss the black mamba.
The black mamba is lightly wounded.
You feel sick. The black mamba bites you!
* * * LOW HITPOINT WARNING * * *
You are lethally poisoned!
The black mamba poisons you!
You closely miss the black mamba.
The black mamba is lightly wounded.
* * * LOW HITPOINT WARNING * * *
You feel very sick. The black mamba bites you!
* * * LOW HITPOINT WARNING * * *
You are more poisoned.
The black mamba poisons you!
You slash the black mamba!
The black mamba is heavily wounded.
* * * LOW HITPOINT WARNING * * *
You feel very sick.
You closely miss the black mamba.
The black mamba is heavily wounded.
* * * LOW HITPOINT WARNING * * *
You feel very sick.
The black mamba bites you but does no damage.
You hit the black mamba.
The black mamba is severely wounded.
* * * LOW HITPOINT WARNING * * *
You feel very sick. You block the black mamba's attack.
You slash the black mamba! Your touch misses the black mamba.
The black mamba is almost dead.
You die...

##### ##.... ..... .....
##...# #.... ....##
#.... #...P# #....
#....# #....### #...##
##....#.######.<.P####
#........S@............
#P.....................
##...#.#...#.#.........
......#########.........
..... #......... .....
#......... ....
#......... ....
#........


You could see a black mamba.

Vanquished Creatures
  Harold (D:8)
  Erica (D:8)
  A two-headed ogre (D:8)
  Joseph (D:7)
  A kobold demonologist (D:5)
  Prince Ribbit (D:8)
  4 yaks
  An acid dragon (D:9)
  A water moccasin (D:8)
  3 orc warriors
  A black bear (D:5)
  A necrophage (D:6)
  An ice beast (D:7)
  2 ogres
  A centaur (D:8)
  A phantom (D:6)
  A kobold brigand (D:7)
  5 scorpions
  2 wyvern zombies (D:7)
  2 bullfrogs
  A wyvern skeleton (D:7)
  8 killer bees
  9 wights
  3 howler monkeys (D:9)
  2 centaur zombies
  3 orc priests
  3 hounds
  2 jellies
  3 centaur skeletons
  A bullfrog skeleton (D:6)
  Ijyb (D:4)
  4 orc wizards
  7 adders
  A river rat (D:4)
  A shadow imp (D:7)
  20 orcs
  6 endoplasms
  2 giant cockroaches
  5 goblins
  5 hobgoblins
  14 jackals
  2 quokkas (D:4)
  4 ball pythons
  7 bats
  5 frilled lizards
  7 kobolds
  5 rats
163 creatures vanquished.

Vanquished Creatures (others)
  9 fungi (D:9)
  6 plants (D:9)
15 creatures vanquished.

Grand Total: 178 creatures vanquished

Notes
Turn   | Place    | Note
-------+----------+-------------------------------------------
     0 | D:1      | knot the Demonspawn Berserker began the quest for the Orb.
     0 | D:1      | Reached XP level 1. HP: 18/18 MP: 1/1
   152 | D:1      | Reached skill level 3 in Axes
   342 | D:1      | Gained mutation: You regenerate magic rapidly. [demonic
                  | ancestry]
   342 | D:1      | Reached XP level 2. HP: 18/24 MP: 2/2
  1795 | D:2      | Gained mutation: Your touch may inflict minor irresistible
                  | damage on your foes. [demonic ancestry]
  1795 | D:2      | Reached XP level 3. HP: 29/29 MP: 3/3
  1951 | D:2      | Reached skill level 4 in Axes
  2464 | D:2      | Reached XP level 4. HP: 35/35 MP: 4/4
  2466 | D:2      | Reached ** piety under Trog
  2698 | D:3      | Noticed an ogre
  2709 | D:3      | Killed an ogre
  2710 | D:3      | Reached skill level 5 in Axes
  2710 | D:3      | Reached XP level 5. HP: 12/41 MP: 5/5
  2967 | D:3      | Found Daocsar's Antique Armour Emporium.
  3349 | D:4      | Reached skill level 6 in Axes
  3647 | D:4      | Gained mutation: Your touch may inflict irresistible damage
                  | on your foes. [demonic ancestry]
  3647 | D:4      | Reached XP level 6. HP: 37/47 MP: 6/6
  3715 | D:4      | Found a staircase to the Ecumenical Temple.
  3728 | D:4      | Noticed Dowan
  3732 | D:4      | Noticed Dowan
  3732 | D:4      | Dowan changed into Dowan the quokka
  3733 | D:4      | Noticed Duvessa
  3743 | D:4      | Noticed Duvessa
  3743 | D:4      | Duvessa changed into Duvessa the river rat
  3747 | D:4      | Killed Duvessa the river rat
  3752 | D:4      | Killed Dowan the quokka
  3802 | D:4      | Noticed Ijyb
  3815 | D:4      | Killed Ijyb
  4456 | D:5      | Entered Level 5 of the Dungeon
  4465 | D:5      | Noticed a kobold demonologist
  4476 | D:5      | Noticed a chaos spawn
  4478 | D:5      | Noticed an ice devil
  4479 | D:5      | Killed a kobold demonologist
  4480 | D:5      | Reached skill level 7 in Axes
  4480 | D:5      | Gained mutation: When hurt, damage is shared between your
                  | health and your magic reserves. [demonic ancestry]
  4480 | D:5      | Reached XP level 7. HP: 52/52 MP: 7/7
  4889 | D:5      | Reached skill level 8 in Axes
  5018 | D:5      | Found a hide-covered altar of Uskayaw.
  5611 | D:6      | Reached skill level 9 in Axes
  5611 | D:6      | Gained mutation: You regenerate a little health from kills.
                  | [demonic ancestry]
  5611 | D:6      | Reached XP level 8. HP: 37/58 MP: 5/8
  6212 | D:6      | Found an iron altar of Okawaru.
  6555 | D:7      | HP: 1/87 [wyvern zombie (10)]
  6557 | D:7      | Reached skill level 10 in Axes
  6934 | D:7      | Found a sacrificial altar of Ru.
  7189 | D:7      | Noticed Joseph
  7210 | D:7      | Killed Joseph
  7211 | D:7      | Reached skill level 11 in Axes
  7602 | D:7      | Gained mutation: Your touch may irresistibly damage your
                  | foes and sap their willpower. [demonic ancestry]
  7602 | D:7      | Reached XP level 9. HP: 52/63 MP: 4/9
  8243 | D:8      | Reached skill level 1 in Throwing
  8423 | D:8      | Noticed Erica
  8468 | D:8      | Killed Erica
  8469 | D:8      | Reached skill level 12 in Axes
  8796 | D:8      | Found the +3 hat of Pondering {ponderous, Will+ MP+10
                  | Int+5}
  9050 | D:8      | Noticed Harold
  9101 | D:8      | Killed Harold
  9574 | D:8      | Reached XP level 10. HP: 67/70 MP: 6/10
  9860 | D:8      | Found Yhyquem's Self-Improvement Boutique.
  9879 | D:8      | Reached skill level 5 in Throwing
 10067 | D:8      | Found a large runed translucent door.
 10067 | D:8      | Found a large runed translucent door.
 10068 | D:8      | Noticed Foxy's ghost (novice TrMo)
 10086 | D:8      | Noticed Prince Ribbit
 10105 | D:8      | Killed Prince Ribbit
 10283 | D:8      | Noticed a two-headed ogre
 10298 | D:8      | Killed a two-headed ogre
 10901 | D:8      | Reached skill level 13 in Axes
 12566 | D:9      | Found a staircase to the Lair.
 12670 | Lair:1   | Entered Level 1 of the Lair of Beasts
 12680 | Lair:1   | Noticed a black mamba
 12691 | Lair:1   | HP: 2/105 [poisoned by a black mamba]
 12692 | Lair:1   | Succumbed to a black mamba's poison

Illustrated notes

Levels and vault maps discovered:
D:1:      lordsloth_arrival_two_stooges, layout_basic, grunt_decor_fettered,
          minmay_misc_feat_diagonals, nicolae_concentric_dashed_squares_wild
D:2:      layout_rooms, hangedman_decor_clover_reticule
D:3:      layout_basic, serial_shops, shop, kennysheep_path_1
D:4:      layout_rooms, temple_doors_e, uniq_duvessa, uniq_ijyb
D:5:      layout_loops_cross, nicolae_uskayaw_suspiria, item_on_display_a
D:6:      layout_rooms, nicolae_overflow_hidden_temple, grunt_ministairs_6
D:7:      layout_loops_ring, nicolae_ru_awakened_eye, palyth_stone_intersect,
          minmay_misc_feat_alley, minivault_27, uniq_joseph
D:8:      layout_loops_ring, ebering_ghost_disaster_area,
          nicolae_shop_self_help, uniq_harold, uniq_erica, uniq_prince_ribbit1
D:9:      layout_grid_maze, grunt_lair_entry_orc_guard_hut
Lair:1:   layout_small_grid, minivault_27, grunt_forest_small_clearing_treed,
          uniq_maggie

Skill      XL: |  1  2  3  4  5  6  7  8  9 10 |
---------------+-------------------------------+-----
Axes           | 3 4 5 6 7 9 11 12 13 | 13.3
Throwing       | 4 6 |  6.9
Fighting       | |  3.0
Armour         | |  1.7
Dodging        | |  1.7

Action                   |  1- 3 |  4- 6 |  7- 9 | 10-12 || total
-------------------------+-------+-------+-------+-------++-------
Melee: Hand axe          |   118 |    95 |   193 |   183 ||   589
       Touch             |     7 |    13 |    45 |    24 ||    89
       Punch             |       |       |     3 |     3 ||     6
Throw: Stone             |       |     1 |     3 |       ||     4
       Boomerang         |       |       |     5 |       ||     5
       Dart              |       |       |     3 |       ||     3
Invok: Berserk           |     3 |     6 |    15 |     8 ||    32
       Trog's Hand       |       |       |     1 |       ||     1
Evoke: Wand              |       |     7 |     2 |       ||     9
 Stab: Sleeping          |     1 |     1 |       |       ||     2
Armor: Animal skin       |    32 |    12 |    17 |       ||    61
       Robe              |       |       |    11 |    31 ||    42
Dodge: Dodged            |   102 |    57 |   107 |    87 ||   353
Block: Other             |       |       |    22 |    34 ||    56

Table legend: (Time is in decaauts)
 A = Elapsed time spent in this place.
 B = Non-inter-level travel time spent in this place.
 C = Inter-level travel time spent in this place.
 D = Time resting spent in this place.
 E = Time spent auto-exploring this place.
 F = Levels seen in this place.
 G = Mean time per level.
                   A        B        C        D        E       F      G
               +--------+--------+--------+--------+--------+-----+--------+
         Total |  13019 |  12583 |    436 |   5785 |   5494 |  10 | 1301.9 |
       Dungeon |  13000 |  12564 |    436 |   5785 |   5484 |   9 | 1444.4 |
          Lair |     19 |     19 |      0 |      0 |      9 |   1 |   19.0 |
               +--------+--------+--------+--------+--------+-----+--------+

Top non-repeatable levels by time:
     D:8: 2277 daAuts
     D:7: 2181 daAuts
     D:1: 1823 daAuts
     D:9: 1774 daAuts
     D:6: 1467 daAuts
     D:4: 1274 daAuts
     D:2: 808 daAuts
     D:3: 713 daAuts
     D:5: 679 daAuts
  Lair:1: 19 daAuts
